 Dungeon Crawl Stone Soup version 0.23.2-30-g0e89c35649 (webtiles) character file.

Game seed: 10906414431139592796

25 Zephirin the Grave Robber (level 3, 0/24 (26) HPs)
             Began as a Ghoul Necromancer on June 10, 2019.
             Slain by an adder (2 damage)
             ... on level 2 of the Dungeon.
             The game lasted 00:10:15 (894 turns).

Zephirin the Grave Robber (Ghoul Necromancer)        Turns: 894, Time: 00:10:16

HP:   0/24 (26)     AC:  3    Str: 11    XL:     3   Next: 4%
MP:   1/5           EV: 11    Int: 11    God:
Gold: 42            SH:  0    Dex:  9    Spells: 4/6 levels left

rFire    x . .     SeeInvis .   b - +0 hand axe
rCold    + + .     Gourm    .   (no shield)
rNeg     + + +     Faith    .   h - +0 leather armour
rPois    ∞         Spirit   .   (no helmet)
rElec    .         Reflect  .   (no cloak)
rCorr    .         Harm     .   (no gloves)
MR       .....                  (no boots)
Stlth    ++........             (no amulet)
HPRegen  0.00/turn              k - ring of ice
MPRegen  0.09/turn              (no ring)

@: rotting
A: rotting body, claws 1, carnivore, cold resistance 1, negative energy
resistance 3, inhibited regeneration, torment resistance, unbreathing
a: no special abilities


You were on level 2 of the Dungeon.
You were not hungry.

You visited 1 branch of the dungeon, and saw 2 of its levels.

You collected 42 gold pieces.

Inventory:

Hand Weapons
 b - a +0 hand axe (weapon)
Missiles
 e - 44 stones (quivered)
Armour
 a - a +0 robe
 g - a +0 robe
 h - a +0 leather armour (worn)
Jewellery
 k - a ring of ice (left claw)
Scrolls
 f - a scroll of identify
 m - a scroll of random uselessness {unknown}
Potions
 d - a potion of invisibility {unknown}
 i - 2 potions of degeneration
 l - 2 potions of haste {unknown}
Comestibles
 c - 5 rations
 j - 2 chunks of flesh


   Skills:
 + Level 0.2 Fighting
 + Level 0.1 Axes
 + Level 0.1 Armour
 + Level 1.8 Dodging
 + Level 2.3 Stealth
 + Level 2.0 Spellcasting
 + Level 4.6 Necromancy


You had 4 spell levels left.
You knew the following spells:

 Your Spells              Type           Power        Failure   Level  Hunger
a - Pain                  Necr           ##..         6%          1    ##.....
b - Animate Skeleton      Necr           N/A          6%          1    ##.....

Your spell library contained the following spells:

 Spells                   Type           Power        Failure   Level  Hunger
 Vampiric Draining        Necr           ##........   17%         3    ####...
 Regeneration             Chrm/Necr      #.........   41%         3    ####...
 Animate Dead             Necr           N/A          50%         4    #####..


Dungeon Overview and Level Annotations

Branches:
Dungeon (2/15)

Altars:


Innate Abilities, Weirdness & Mutations

Your body is rotting away.
You thrive on raw meat.
You are immune to poison.
You have sharp fingernails.
You are carnivorous and can eat meat at any time.
Your flesh is cold resistant. (rC+)
You are immune to negative energy. (rN+++)
You do not regenerate when monsters are visible.
You are immune to unholy pain and torment.
You can survive without breathing.


Message History

The adder is almost dead.
You hit the goblin.
You kill the goblin!
The adder barely misses you. The adder closely misses you.
You miss the adder.
The adder is almost dead.
The adder bites you.
* * * LOW HITPOINT WARNING * * *
The adder closely misses you.
You completely miss the adder.
The adder is almost dead.
The adder misses you.
You closely miss the adder.
The adder is almost dead.
The adder barely misses you. The adder bites you.
* * * LOW HITPOINT WARNING * * *
The adder bites you.
* * * LOW HITPOINT WARNING * * *
The adder bites you.
You die...

#.#+##.####.#
######.#
#......†....#
#.#
#.#+##.####.#
#.#
#..#.#..#.#
#.#
#..')'..#.#
#.#
#.####.##+#.#
#...........#
#.####.##+#.#
#.)#@# #.# #
#..S.+
#.#'##.####
#..........
#.#g##.####
#.#..#.# #
#..+.+ ####.#
...


You could see an adder.

Vanquished Creatures
  An adder (D:2)
  A worm (D:2)
  3 goblins
  A hobgoblin (D:2)
  2 kobolds (D:1)
  A bat (D:1)
  2 frilled lizards
  4 rats
15 creatures vanquished.

Vanquished Creatures (collateral kills)
  A rat (D:1)
1 creature vanquished.

Grand Total: 16 creatures vanquished

Notes
Turn   | Place    | Note
-------+----------+-------------------------------------------
     0 | D:1      | Zephirin the Ghoul Necromancer began the quest for the Orb.
     0 | D:1      | Reached XP level 1. HP: 14/14 MP: 2/2
    66 | D:1      | Learned a level 1 spell: Animate Skeleton
   373 | D:1      | Reached XP level 2. HP: 16/19 MP: 1/3
   866 | D:2      | Reached XP level 3. HP: 21/25 MP: 2/5
   894 | D:2      | Slain by an adder

Skill      XL: |  1  2 |
---------------+-------+-----
Spellcasting   | 2 |  2.0
Fighting       | |  0.2
Axes           | |  0.1
Armour         | |  0.1
Dodging        | |  1.8
Stealth        | |  2.3
Necromancy     | |  4.6

Action                   || total
-------------------------++-------
Melee: Hand axe          ||    41
 Cast: Pain              ||    17
       Animate Skeleton  ||     7
  Use: Scroll            ||     1
 Stab: Distracted        ||     1
  Eat: Chunk             ||     2
Armor: Leather armour    ||     9
Dodge: Dodged            ||    33
